 Dungeon Crawl Stone Soup version 0.31-a0-664-g902f515a81 (webtiles) character file.

Game seed: 9976077230577223727

19 Xavori the Cutter (level 2, -10/21 HPs)
             Began as an Octopode Chaos Knight on Sept 3, 2023.
             Was a Plaything of Xom.
             Mangled by a mana viper (glowing shapeshifter) (12 damage)
             ... on level 1 of the Dungeon.
             The game lasted 00:00:19 (337 turns).

Xavori the Cutter (Octopode Chaos Knight)            Turns: 337, Time: 00:00:20

Health: -10/21     AC:  1    Str:  9 (11) XL:     2   Next: 75%
Magic:  0/2        EV: 13    Int: 13 (14) God:    Xom [..*...]
Gold:   82         SH:  0    Dex: 10 (11) Spells: 1/1 levels left

rFire   . . .        a - +0 short sword (chaos)
rCold   . . .        (no shield)
rNeg    . . .        (helmet restricted)
rPois   .            (no amulet)
rElec   .            (no ring)
rCorr   .            (no ring)
SInv    .            (no ring)
Will    .....        (no ring)
Stlth   ++           (no ring)
HPRegen 0.23/turn    (no ring)
MPRegen 0.08/turn    (no ring)
                     (no ring)

%: no passive effects
@: invisible
A: almost no armour, amphibious, 8 rings, camouflage 1, gelatinous body 1,
(nimble swimmer 1), tentacles
a: Renounce Religion


You were on level 1 of the Dungeon.
You worshipped Xom.
You were a toy of Xom.
You visited 1 branch of the dungeon, and saw 1 of its levels.

You collected 82 gold pieces.

Inventory:

Hand Weapons
 a - a +0 short sword of chaos (weapon)
Scrolls
 b - a scroll of butterflies
 c - a scroll of noise {unknown}
 d - a scroll of enchant armour {unknown}
 e - a scroll of torment {unknown}
 g - a scroll of silence {unknown}
 h - a scroll of vulnerability {unknown}


   Skills:
 + Level 3.2 Fighting
 + Level 3.5 Short Blades
 + Level 2.5 Dodging
 + Level 0.5 Stealth


You had one spell level left.
You didn't know any spells.
Your spell library was empty.

Dungeon Overview and Level Annotations

Branches:
Dungeon (1/15)

Altars:


Innate Abilities, Weirdness & Mutations

You cannot wear most types of armour.
You are amphibious.
You can wear up to eight rings at the same time.
Your skin changes colour to match your surroundings (Stealth+).
Your rubbery body absorbs attacks. (AC +1, EV +1)
((You are camouflaged when in or above water. (Stealth+)))
You have tentacles for arms and can constrict up to eight enemies at once.


Message History

A hobgoblin is nearby!
A hobgoblin is nearby!
The hobgoblin shouts!
The hobgoblin hits you.
A hobgoblin is nearby!
You hit the hobgoblin.
The hobgoblin changes into a glowing shapeshifter!
You grab the glowing shapeshifter.
You constrict the glowing shapeshifter. "Go forth and cause havoc, mortal!"
You fade into invisibility!
The glowing shapeshifter hits you.
A glowing shapeshifter is nearby!
You hit the glowing shapeshifter. You burn the glowing shapeshifter.
You squeeze the glowing shapeshifter.
The glowing shapeshifter is lightly wounded.
You constrict the glowing shapeshifter.
You lose your grip on the mana viper.
The glowing shapeshifter changes into a mana viper!
A mana viper is nearby!
You hit the mana viper.
The mana viper is poisoned.
Your grab misses the mana viper.
The mana viper is lightly wounded.
The mana viper bites you!
You feel your power leaking away.
A mana viper is nearby!
You are too injured to fight recklessly!
You are too injured to fight recklessly!
You barely miss the mana viper. Your grab misses the mana viper.
You squeeze the mana viper.
The mana viper is lightly wounded.
The mana viper bites you!
* * * LOW HITPOINT WARNING * * *
Xom thinks this is hilarious!
Unknown command.
It was a potion of degeneration.
There was something very wrong with that liquid.
You feel weakened.
You feel dopey.
You feel clumsy. The mana viper bites you!
Ouch! That really hurt!
You die...
Xom thinks this is hilarious!

###### #....#
#####....############
##.
....'.S@.............
####...
#####.......#...####
.....# #.......#...#
..[.# ###...^.#...# #
.)..# #######)..## .
....# #.....# # ....#
#...(.###. # ..).#
#......... # #..##
#......### #


You could see a mana viper shaped shifter (very poisoned).

Vanquished Creatures
  3 dart slugs (D:1)
  2 bats (D:1)
  An endoplasm (D:1)
  2 goblins (D:1)
  A hobgoblin (D:1)
  A ball python (D:1)
  3 kobolds (D:1)
13 creatures vanquished.

Notes
Turn   | Place    | Note
-------+----------+-------------------------------------------
     0 | D:1      | Xavori the Octopode Chaos Knight began the quest for the
                  | Orb.
     0 | D:1      | Reached XP level 1. HP: 16/16 MP: 1/1
    95 | D:1      | XOM: silly message
   191 | D:1      | XOM: potion effect (invisibility)
   193 | D:1      | XOM: butterfly on damage
   195 | D:1      | Reached XP level 2. HP: 16/21 MP: 2/2
   333 | D:1      | a hobgoblin changed into a glowing shapeshifter
   333 | D:1      | Noticed a glowing shapeshifter (glowing shapeshifter)
   333 | D:1      | XOM: potion effect (invisibility)
   334 | D:1      | a glowing shapeshifter changed into a mana viper
   334 | D:1      | Noticed a mana viper (glowing shapeshifter)
   337 | D:1      | Mangled by a mana viper (glowing shapeshifter)

Illustrated notes

Levels and vault maps discovered:
D:1:      psy_arrival_spokes, layout_basic, dreamdust_wishing_well,
          nrook_mini_vaults

Action                     || total
---------------------------++-------
  Melee: Short sword       ||    31
         Constrict         ||    10
         Tentacles         ||     4
         Punch             ||     1
    Use: Potion            ||     1
   Stab: Sleeping          ||     3
         Invisible         ||     1
         Paralysed         ||     1
 Armour: Skin              ||    13
  Dodge: Dodged            ||    13

Table legend: (Time is in decaauts)
 A = Elapsed time spent in this place.
 B = Non-inter-level travel time spent in this place.
 C = Inter-level travel time spent in this place.
 D = Time resting spent in this place.
 E = Time spent auto-exploring this place.
 F = Levels seen in this place.
 G = Mean time per level.
                   A        B        C        D        E       F      G
               +--------+--------+--------+--------+--------+-----+--------+
         Total |    331 |    331 |      0 |     19 |    226 |   1 |  331.0 |
       Dungeon |    331 |    331 |      0 |     19 |    226 |   1 |  331.0 |
               +--------+--------+--------+--------+--------+-----+--------+

Top non-repeatable levels by time:
     D:1: 331 daAuts
